 Dungeon Crawl Stone Soup version 0.26.1-11-gd32895ea62 (webtiles) character file.

Game seed: 15835941109363714020

104 vvl the Stinger (level 4, 0/27 HPs)
             Began as an Octopode Venom Mage on July 14, 2021.
             Slain by an orc
             ... wielding a +0 hand axe
              (6 damage)
             ... on level 2 of the Dungeon.
             The game lasted 00:06:17 (3091 turns).

vvl the Stinger (Octopode Venom Mage)               Turns: 3091, Time: 00:06:18

Health: 0/27       AC:  1    Str:  8    XL:     4   Next: 80%
Magic:  6/8        EV: 13    Int: 17    God:
Gold:   106        SH:  0    Dex: 12    Spells: 7/8 levels left

rFire    . . .     SeeInvis .   b - +1 short sword (holy)
rCold    . . .     Faith    .   (no shield)
rNeg     . . .     Spirit   .   (helmet restricted)
rPois    .         Reflect  .   (no amulet)
rElec    .         Harm     .   (no ring)
rCorr    .         Rampage  .   (no ring)
Will     .....                  (no ring)
Stlth    +++.......             (no ring)
HPRegen  0.09/turn              (no ring)
MPRegen  0.11/turn              (no ring)
                                (no ring)
                                (no ring)

@: no status effects
A: almost no armour, stealthy swim, amphibious, 8 rings, constrict 8, camouflage
1, gelatinous body 1
a: no special abilities


You were on level 2 of the Dungeon.
You visited 1 branch of the dungeon, and saw 3 of its levels.

You collected 106 gold pieces.

Inventory:

Hand Weapons
 b - a +1 short sword of holy wrath (weapon)
Jewellery
 d - an uncursed ring of resist corrosion {unknown}
Wands
 o - a wand of polymorph (6)
Scrolls
 a - 2 scrolls of teleportation {unknown}
 c - a scroll of enchant weapon {unknown}
 e - 3 scrolls of identify {unknown}
 f - 2 scrolls of fear {unknown}
 j - a scroll of amnesia {unknown}
 m - 2 scrolls of immolation {unknown}
 p - a scroll of noise {unknown}
Potions
 g - 2 potions of degeneration {unknown}
 h - a potion of mutation {unknown}
 i - 2 potions of curing {unknown}
 k - a potion of lignification {unknown}
 l - a potion of heal wounds {unknown}
 n - a potion of invisibility {unknown}


   Skills:
 - Level 2.0 Dodging
 - Level 3.0 Stealth
 + Level 2.6 Spellcasting
 + Level 2.1 Transmutations
 + Level 0.9 Earth Magic
 * Level 5.1 Poison Magic


You had 7 spell levels left.
You knew the following spells:

 Your Spells              Type           Power        Failure   Level
a - Sting                 Tmut/Pois      56%          4%          1

Your spell library contained the following spells:

 Spells                   Type           Power        Failure   Level
 Poisonous Vapours        Pois/Air       20%          10%         2
 Ignite Poison            Fire/Tmut/Pois 10%          21%         3
 Olgreb's Toxic Radiance  Pois           19%          22%         4
 Mephitic Cloud           Conj/Pois/Air  8%           26%         3
 Confusing Touch          Hex            2%           50%         3
 Gell's Gravitas          Tloc           1%           50%         3
 Petrify                  Tmut/Erth      7%           67%         4
 Yara's Violent Unravell  Hex/Tmut       2%           97%         5
 Metabolic Englaciation   Hex/Ice        1%           99%         5


Dungeon Overview and Level Annotations

Branches:
Dungeon (3/15)

Altars:
Okawaru


Innate Abilities, Weirdness & Mutations

You cannot wear most types of armour.
You are very stealthy in the water. (Stealth+)
You are amphibious.
You can wear up to eight rings at the same time.
You can use your tentacles to constrict eight enemies at once.
Your skin changes colour to match your surroundings (Stealth+).
Your rubbery body absorbs attacks. (AC +1, EV +1)


Message History

The orc priest looks even sicker.
The orc priest is lightly wounded.
The sting misses the orc priest.
The orc priest miscasts a cantrip.
The orc priest invokes the aid of Beogh against you.
Beogh smites you!
Casting: Sting (safe; 4% risk of failure)
Confirm with . or Enter, or press ? or * to list all spells.
Aiming: Sting (safe; 4% risk of failure)
Press: ? - help, Shift-Dir - straight line, f/p - orc priest
Aim: an orc priest, wielding a +0 war axe (heavily wounded, very poisoned, 29% to evade)
The sting hits the orc priest.
The orc priest looks even sicker.
The orc priest is heavily wounded.
There is a stone staircase leading up, spattered with blood here.
The orc hits you with a +0 hand axe!
* * * LOW HITPOINT WARNING * * *
You climb upwards.
There is a stone staircase leading down here.
The orc hits you with a +0 hand axe.
You die...

..# #........############## #.#
##..............# #.#
#######.######># #.# #.# #.# #.#
#.# #.####### #.# #.# #.#......
#.# ##.## #.#.#####
#.###############..[#####...#####
#...............@o...............
######.#########....#############
#.# #.#.## ##### #.# ###.#.#
##...## #.# #...#.####.###.# #.#
#....#.....# #.# #.#
#...#.####.###.##### #.# ##....#
##......... #.# #.#### ##########


You could see an orc.

Vanquished Creatures
  A hound zombie (D:2)
  4 gnolls
  An adder (D:2)
  A dart slug (D:1)
  A leopard gecko (D:2)
  An orc (D:3)
  A bat skeleton (D:2)
  A bat zombie (D:2)
  2 giant cockroaches
  2 hobgoblins (D:1)
  2 jackals (D:1)
  7 bats
  3 frilled lizards
  A giant cockroach zombie (D:2)
  6 goblins
  3 kobolds
  6 rats
43 creatures vanquished.

Notes
Turn   | Place    | Note
-------+----------+-------------------------------------------
     0 | D:1      | vvl the Octopode Venom Mage began the quest for the Orb.
     0 | D:1      | Reached XP level 1. HP: 11/11 MP: 3/3
   624 | D:1      | Reached XP level 2. HP: 17/17 MP: 1/5
   718 | D:1      | Reached skill level 4 in Poison Magic
  1153 | D:1      | Reached XP level 3. HP: 21/21 MP: 4/6
  2161 | D:3      | Reached XP level 4. HP: 27/27 MP: 7/7
  2199 | D:2      | Reached skill level 5 in Poison Magic
  2761 | D:3      | Found an iron altar of Okawaru.
  3091 | D:2      | Slain by an orc

Illustrated notes

Levels and vault maps discovered:
D:1:      dpeg_arrival_subterranean_lakeside_camping, layout_basic
D:2:      layout_loops_ring, serial_undead, serial_undead_f, serial_undead_e,
          serial_undead_b, serial_undead_d
D:3:      layout_loops_cross, okawaru_ov_weapons_minmay,
          grunt_temple_overflow_open

Skill      XL: |  1  2  3  4 |
---------------+-------------+-----
Stealth        | 3 |  3.0
Poison Magic   | 4 5 |  5.1
Transmutations | 2 |  2.1
Dodging        | |  2.0
Spellcasting   | |  2.6
Earth Magic    | |  0.9

Action                   |  1- 3 |  4- 6 || total
-------------------------+-------+-------++-------
Melee: Short sword       |    37 |    12 ||    49
       Constrict         |    10 |     4 ||    14
       Unarmed           |     2 |       ||     2
       Tentacles         |     6 |     2 ||     8
 Cast: Sting             |    24 |    17 ||    41
 Stab: Sleeping          |     4 |       ||     4
Armor: Skin              |     7 |     1 ||     8
Dodge: Dodged            |    34 |    17 ||    51
